 Dungeon Crawl Stone Soup version 0.19.4-9-g45fd643 (webtiles) character file.

96 Gorglomux the Slinger (level 4, -2/29 HPs)
             Began as a Halfling Hunter on Feb 19, 2017.
             Slain by Purgy (6 damage)
             ... in a sewer.
             The game lasted 00:04:15 (2332 turns).

Gorglomux the Slinger (Halfling Hunter)             Turns: 2332, Time: 00:04:16

Health: -2/29      AC:  7    Str: 13    XL:     4   Next: 98%
Magic:  4/4        EV: 14    Int:  9    God:
Gold:   78         SH:  0    Dex: 15    Spells: 0 memorised, 3 levels left

rFire  . . .     SeeInvis .     p - -2 hunting sling (curse)
rCold  . . .     Gourm    .     c - +1 leather armour
rNeg   . . .     Faith    .     (shield restricted)
rPois  .         Spirit   .     (no helmet)
rElec  .         Reflect  .     r - +0 cloak
rCorr  .         Harm     .     (no gloves)
MR     .....                    (no boots)
Stlth  ++........               (no amulet)
                                (no ring)
                                l - +2 ring of protection

@: no status effects
A: mutation resistance 1
a: no special abilities


You were in a sewer.
You were not hungry.

You visited 1 branch of the dungeon, and saw 3 of its levels.
You also visited: Sewer.

You collected 78 gold pieces.

Inventory:

Hand Weapons
 a - a +2 hunting sling
 b - a +0 short sword
 p - a cursed -2 hunting sling (weapon)
Missiles
 d - 3 sling bullets (quivered)
 j - 34 stones
Armour
 c - a +1 leather armour (worn)
 r - a +0 cloak (worn)
Jewellery
 l - a +2 ring of protection (left hand)
Potions
 g - a potion of heal wounds
 i - a potion of cancellation {unknown}
 n - a potion of curing {unknown}
 q - a potion of flight {unknown}
Comestibles
 f - a bread ration


   Skills:
 - Level 1.7 Fighting
 + Level 8.5 Slings
 - Level 2.1 Dodging
 - Level 1.1 Stealth


You had 3 spell levels left.
You didn't know any spells.

Dungeon Overview and Level Annotations

Branches:
Dungeon (3/15)

Altars:

Annotations:
Sewer Purgy


Innate Abilities, Weirdness & Mutations

You are small and have problems with some larger weapons.
You are somewhat resistant to further mutation.


Message History

Press: ? - help, Shift-Dir - straight line, f/p - Purgy
Aim: Purgy (lightly wounded)
You shoot a sling bullet.
The sling bullet hits Purgy but does no damage.
Purgy is lightly wounded.
Purgy hisses menacingly.
Purgy bites you. Purgy barely misses you. Purgy claws you but does no damage.
Firing (i - inventory. (,) - cycle):
d - 5 sling bullets (quivered)
Press: ? - help, Shift-Dir - straight line, f/p - Purgy
Aim: Purgy (lightly wounded)
You shoot a sling bullet. The sling bullet barely misses Purgy.
Purgy bites you!
* * * LOW HITPOINT WARNING * * *
Purgy closely misses you. Purgy claws you but does no damage.
Firing (i - inventory. (,) - cycle):
d - 4 sling bullets (quivered)
Press: ? - help, Shift-Dir - straight line, f/p - Purgy
Aim: Purgy You shoot a sling bullet.
The sling bullet barely misses Purgy.
Purgy bites you.
You die...

### #∩# #.#
+##+##+##.##+##+##+#
...................#####
≈≈≈≈≈≈≈≈≈.≈≈≈≈≈≈≈≈≈#≈≈≈≈
≈≈≈≈≈≈≈≈≈∩≈≈≈≈≈≈≈≈≈#≈≈≈≈
≈≈≈≈≈≈≈≈≈.≈≈≈≈≈≈≈≈≈#≈≈≈≈
.......@...........#
+##+##T##'##'##'##'# #.
#.##.##.##.# #.
#.##.##.##.# ##
############


You could see Purgy.

Vanquished Creatures
  A gnoll (D:1)
  An adder (D:2)
  2 river rats (D:3)
  An ooze (D:2)
  2 worms (D:2)
  7 ball pythons
  4 bats
  4 giant cockroaches
  6 goblins
  6 hobgoblins
  4 kobolds (D:2)
  A quokka (D:2)
  3 frilled lizards
  10 rats
52 creatures vanquished.

Notes
Turn   | Place    | Note
-------+----------+-------------------------------------------
     0 | D:1      | Gorglomux the Halfling Hunter began the quest for the Orb.
     0 | D:1      | Reached XP level 1. HP: 14/14 MP: 1/1
    33 | D:1      | Reached skill level 6 in Slings
    33 | D:1      | Reached XP level 2. HP: 19/19 MP: 2/2
   330 | D:1      | Reached skill level 7 in Slings
   330 | D:1      | Reached XP level 3. HP: 24/24 MP: 3/3
  1371 | D:2      | Reached XP level 4. HP: 19/29 MP: 4/4
  1603 | D:2      | Reached skill level 8 in Slings
  1882 | D:3      | Found a glowing drain.
  2202 | Sewer    | Entered a sewer
  2320 | Sewer    | Noticed Purgy
  2332 | Sewer    | Slain by Purgy

Skill      XL: |  1  2  3  4 |
---------------+-------------+-----
Slings         | 6 7 8 |  8.5
Fighting       | |  1.7
Dodging        | |  2.1
Stealth        | |  1.1

Action                   |  1- 3 |  4- 6 || total
-------------------------+-------+-------++-------
Melee: Short sword       |   129 |       ||   129
 Fire: Hunting sling     |    25 |    95 ||   120
  Use: Scroll            |       |     2 ||     2
       Potion            |       |     1 ||     1
 Stab: Sleeping          |     3 |       ||     3
  Eat: Chunk             |     2 |     2 ||     4
Armor: Leather armour    |    43 |    23 ||    66
Dodge: Dodged            |   102 |    33 ||   135
